 Dungeon Crawl Stone Soup version 0.31-a0-188-g5e087ee2ca (webtiles) character file.

Game seed: 6677304902330526952

99 qw the Shooter (level 4, -1/25 HPs)
             Began as a Deep Elf Hunter on June 23, 2023.
             Slain by a gnoll
             ... wielding a +0 flail
             ... led by a gnoll bouda
              (11 damage)
             ... on level 3 of the Dungeon.
             The game lasted 00:00:48 (2163 turns).

qw the Shooter (Deep Elf Hunter)                    Turns: 2163, Time: 00:00:48

Health: -1/25      AC:  8    Str: 10    XL:     4   Next: 45%
Magic:  6/6        EV:  9    Int: 14    God:
Gold:   136        SH:  0    Dex: 18    Spells: 3/3 levels left

rFire   . . .        Y - +0 orcbow
rCold   . . .        (shield currently unavailable)
rNeg    + . .        f - +0 scale mail
rPois   .            l - +1 hat
rElec   .            (no cloak)
rCorr   .            (no gloves)
SInv    .            o - +0 pair of boots
Will    .....        (no amulet)
Stlth   +            e - ring of positive energy
HPRegen 0.24/turn    (no ring)
MPRegen 0.10/turn

%: no passive effects
@: no status effects
A: no striking features
a: no special abilities


You were on level 3 of the Dungeon.
You visited 1 branch of the dungeon, and saw 3 of its levels.

You collected 136 gold pieces.


   Skills:
 - Level 1.5 Fighting
 + Level 7.9 Ranged Weapons
 - Level 2.4 Dodging
 - Level 1.2 Stealth


You had 3 spell levels left.
You didn't know any spells.
Your spell library was empty.

Inventory:

Hand Weapons
 Y - a +0 orcbow (weapon)
Armour
 b - a +0 leather armour of positive energy
 f - a +0 scale mail (worn)
 l - a +1 hat (worn)
 o - a +0 pair of boots (worn)
Jewellery
 e - a ring of positive energy (left hand)
 j - a ring of ice
Scrolls
 a - 2 scrolls of identify {unknown}
 i - 3 scrolls of teleportation
Potions
 c - a potion of attraction {unknown}
 d - a potion of heal wounds {unknown}
 g - a potion of mutation {unknown}
 h - a potion of magic {unknown}
 m - a potion of brilliance {unknown}
 n - a potion of curing {unknown}

Dungeon Overview and Level Annotations

Branches:
Dungeon (3/15)

Altars:


Message History

The gnoll shouts! x2; You hear a shout!
A gnoll comes into view. It is wielding a +0 club.
The gnoll moves out of view.
A gnoll bouda comes into view. It is wielding a +0 whip.
Enter note:
Enter note:
Enter note:
Enter note:
Enter note:
Enter note: You shoot an arrow.
The arrow barely misses the gnoll.
The gnoll bouda shouts!
The gnoll shouts!
The arrow hits the plant!
The plant begins to die.
The plant is lightly damaged.
Something completely misses the plant.
You shoot an arrow. The arrow completely misses the gnoll.
The arrow barely misses the gnoll.
A gnoll comes into view. It is wielding a +0 flail.
You shoot an arrow. The arrow hits the gnoll.
The gnoll is lightly wounded.
The gnoll misses you. The gnoll hits you but does no damage.
You shoot an arrow. The arrow barely misses the gnoll.
A nearby plant withers and dies.
The gnoll hits you with a +0 club. The gnoll barely misses you.
You shoot an arrow. The arrow hits the gnoll.
The gnoll is moderately wounded.
A gnoll comes into view. It is wielding a +0 club.
The gnoll completely misses you. x2; The gnoll closely misses you.
Something hits the plant!
The plant begins to die.
The gnoll hits you with a +0 club!
You shoot an arrow. The arrow hits the gnoll.
The gnoll is severely wounded.
The gnoll bouda barks out a call to the hunt!
The gnolls pick up the pace!
The gnoll hits you from afar with a +0 spear.
The gnoll hits you but does no damage.
You shoot an arrow. The arrow hits the gnoll!
You kill the gnoll!
The gnoll closely misses you. The gnoll hits you with a +0 flail!
You die...

#.### #...# P #.#.# ..
#...# P.. ##.## ...P
#.### # ...g. #.#.## ##
##...g#########....####.
....g.g@..............'.
##....#########....####.
##.# #..#.## ## #
##.###.## # ##.## ##.##
#.## ##.# ##.## ##.##
##.###.## ##.#.## #


You could see a gnoll bouda and 3 gnolls.

Vanquished Creatures
  A gnoll (D:3)
  An adder (D:3)
  A worm (D:2)
  2 dart slugs
  An orc (D:3)
  8 endoplasms
  6 giant cockroaches
  8 goblins
  9 hobgoblins
  6 jackals
  6 kobolds
  3 quokkas (D:2)
  10 ball pythons
  4 bats
  2 frilled lizards (D:1)
  5 rats
73 creatures vanquished.

Notes
Turn   | Place    | Note
-------+----------+-------------------------------------------
     0 | D:1      | qw the Deep Elf Hunter began the quest for the Orb.
     0 | D:1      | Reached XP level 1. HP: 12/12 MP: 3/3
     0 | D:1      | 0 ||| qw: Version: 0.3-a-9-g12657ce
     0 | D:1      | 0 ||| qw: Game counter: 3711
     0 | D:1      | 0 ||| qw: Always use a shield: true
     0 | D:1      | 0 ||| qw: God list: Okawaru
     0 | D:1      | 0 ||| qw: Allow faded altars: false
     0 | D:1      | 0 ||| qw: Do Orc after D:15 true
     0 | D:1      | 0 ||| qw: Do second Lair branch before Depths: true
     0 | D:1      | 0 ||| qw: Lair rune preference: random
     0 | D:1      | 0 ||| qw: Plans: Normal
     0 | D:1      | 0 ||| PLANNING D:1-11
    20 | D:1      | Reached XP level 2. HP: 8/16 MP: 4/4
    21 | D:1      | Reached skill level 6 in Ranged Weapons
    21 | D:1      | 21 ||| FLEEEEING.
    22 | D:1      | 22 ||| FLEEEEING.
    23 | D:1      | 23 ||| FLEEEEING.
   204 | D:1      | Reached XP level 3. HP: 20/20 MP: 5/5
   565 | D:1      | Found a faded altar of an unknown god.
   790 | D:1      | 790 ||| UPGRADING to +0 scale mail.
   800 | D:1      | 800 ||| DROPPING +0 leather armour.
   801 | D:1      | 801 ||| UPGRADING to +1 hat.
   806 | D:1      | 806 ||| UPGRADING to ring of positive energy.
   807 | D:1      | 807 ||| READING scroll labelled MUERRABOPP.
   808 | D:1      | 808 ||| READING scroll labelled FUARYRPHU DERE.
   811 | D:1      | 811 ||| READING scroll labelled MUNAEL XUSMURE.
   812 | D:1      | 812 ||| READING 2 scrolls labelled EWNIFAE GAPHI.
   813 | D:1      | 813 ||| READING scroll of enchant weapon.
   813 | D:1      | 813 ||| ENCHANTING +1 shortbow.
   814 | D:1      | 814 ||| DROPPING scroll of butterflies.
   816 | D:1      | 816 ||| Stepping ~*~*~tactically~*~*~ (cloud).
   819 | D:1      | HP: 5/20 [poisoned by you (poison gas)]
   822 | D:1      | HP: 2/20 [poisoned by you (poison gas)]
   921 | D:2      | Reached skill level 7 in Ranged Weapons
   929 | D:2      | 929 ||| SWAPPING to +0 orcbow.
   947 | D:2      | 947 ||| DROPPING +2 shortbow.
  1219 | D:2      | Reached XP level 4. HP: 24/25 MP: 6/6
  1639 | D:2      | 1639 ||| UPGRADING to +0 pair of boots.
  1644 | D:2      | 1644 ||| DROPPING ring of magical power.
  1645 | D:2      | 1645 ||| READING scroll labelled WEDUYXZ QUOKYWN.
  1646 | D:2      | 1646 ||| READING scroll labelled JUAMOE IMENI.
  2163 | D:3      | Slain by a gnoll

Levels and vault maps discovered:
D:1:      tarquinn_simple_flora_water_e, layout_loops_cross,
          shapermc_ecumenical_altar_ellora, minmay_vboxes
D:2:      layout_loops_ring, serial_rivers, chequers_serial_rivers_micro_d,
          chequers_serial_rivers_micro_c, chequers_serial_rivers_small_b,
          chequers_serial_rivers_micro_e, chequers_serial_rivers_micro_a,
          chequers_serial_rivers_room_b
D:3:      layout_loops_corners, nicolae_grassy_gnolls

Skill      XL: |  1  2  3 |
---------------+----------+-----
Ranged Weapons | 6 7 |  7.9
Fighting       | |  1.5
Dodging        | |  2.4
Stealth        | |  1.2

Action                     |  1- 3 |  4- 6 || total
---------------------------+-------+-------++-------
   Fire: Shortbow          |    87 |       ||    87
         Orcbow            |    33 |    44 ||    77
    Use: Scroll            |     5 |     2 ||     7
 Armour: Leather armour    |    10 |       ||    10
         Scale mail        |     4 |    10 ||    14
  Dodge: Dodged            |    31 |    14 ||    45

Table legend:
 A = Non-vault XP
 B = Vault XP
 C = Vault XP percentage of total XP
 D = Non-vault monster count
 E = Vault monster count
 F = Vault count percentage of total count
                 A         B        C        D         E       F
            +---------+---------+-------+---------+---------+-------
      Total |     130 |      27 |  17.2 |      64 |       9 |  12.3
            +---------+---------+-------+---------+---------+-------
        D:1 |      49 |      12 |  19.7 |      29 |       8 |  21.6
        D:2 |      52 |       0 |   0.0 |      27 |       0 |   0.0
        D:3 |      29 |      15 |  34.1 |       8 |       1 |  11.1
            +---------+---------+-------+---------+---------+-------
